 Dungeon Crawl Stone Soup version 0.27.0-1-g7a089689b8 (webtiles) character file.

Game seed: 2651374537471649465

9746 Strat the Cleaver (level 11, -6/99 HPs)
             Began as a Hill Orc Enchanter on Aug 5, 2021.
             Was a Priest of Uskayaw.
             Mangled by a two-headed ogre (8 damage)
             ... on level 10 of the Dungeon.
             The game lasted 00:26:38 (14355 turns).

Strat the Cleaver (Hill Orc Enchanter)             Turns: 14355, Time: 00:26:39

Health: -6/99      AC: 20    Str: 15    XL:     11   Next: 51%
Magic:  15/15      EV:  8    Int: 15    God:    Uskayaw [***...]
Gold:   554        SH:  0    Dex: 11    Spells: 10/13 levels left

rFire    . . .     SeeInvis .   a - +5 battleaxe
rCold    . . .     Faith    .   (shield currently unavailable)
rNeg     . . .     Spirit   .   C - +0 chain mail {rPois}
rPois    +         Reflect  .   x - +2 helmet
rElec    .         Harm     .   m - +0 cloak
rCorr    .         Rampage  .   u - +1 pair of gloves
Will     .....                  A - +0 pair of boots
Stlth    ..........             (no amulet)
HPRegen  0.26/turn              (no ring)
MPRegen  0.14/turn              (no ring)

@: slowed, very slow
A: no striking features
a: Renounce Religion, Stomp, Line Pass


You were on level 10 of the Dungeon.
You worshipped Uskayaw.
Uskayaw was noncommittal.
You visited 1 branch of the dungeon, and saw 11 of its levels.

You collected 554 gold pieces.

Inventory:

Hand Weapons
 a - a +5 battleaxe (weapon)
 b - a +0 hunting sling
 f - a +0 dire flail
 s - a +0 broad axe
Missiles
 d - a throwing net
 e - 296 stones (quivered)
 h - 55 sling bullets
 y - 32 poisoned darts
Armour
 m - a +0 cloak (worn)
 u - a +1 pair of gloves (worn)
 x - a +2 helmet (worn)
 A - a +0 pair of boots (worn)
 C - a +0 chain mail of poison resistance (worn)
Jewellery
 i - a ring of wizardry
 n - a ring of magical power
 w - a +6 ring of intelligence
Wands
 t - a wand of polymorph (22)
 F - a wand of iceblast (12)
Scrolls
 c - 7 scrolls of identify
 g - a scroll of enchant armour {unknown}
 k - 3 scrolls of magic mapping
 l - a scroll of teleportation
 D - 2 scrolls of immolation
 E - a scroll of fog {unknown}
Potions
 j - 2 potions of attraction
 o - a potion of ambrosia {unknown}
 p - 2 potions of brilliance {unknown}
 q - 3 potions of heal wounds
 r - a potion of mutation
 z - 2 potions of haste
 B - 2 potions of curing


   Skills:
 - Level 10.0 Fighting
 - Level 1.0 Short Blades
 + Level 14.2 Axes
 - Level 10.0 Armour
 + Level 2.5 Dodging
 - Level 2.4 Stealth
 - Level 1.5 Spellcasting
 - Level 3.0 Hexes
 + Level 6.0 Invocations


You had 10 spell levels left.
You knew the following spells:

 Your Spells              Type           Power      Damage    Failure   Level
a - Corona                Hex            11%        N/A       63%         1
b - Ensorcelled Hibernat  Hex/Ice        10%        N/A       93%         2

Your spell library contained the following spells:

 Spells                   Type           Power      Damage    Failure   Level
 Confusing Touch          Hex            10%        N/A       94%         3
 Tukima's Dance           Hex            10%        N/A       94%         3
 Static Discharge         Conj/Air       1%         N/A       99%         2
 Dazzling Flash           Conj/Hex       10%        N/A       99%         3
 Iskenderun's Mystic Bla  Conj/Tloc      1%         2d3       100%        4
 Lightning Bolt           Conj/Air       0%         1d11      100%        5
 Starburst                Conj/Fire      0%         8x6d3     100%        6
 Maxwell's Capacitive Co  Air            0%         ∞         100%        8


Dungeon Overview and Level Annotations

Branches:
Dungeon (11/15)            Temple (0/1) D:6            Lair (0/6) D:8
    Orc: D:9-12

Altars:
Fedhas
Hepliaklqana
Kikubaaqudgha
Makhleb
Nemelex Xobeh
Okawaru
Ru
Sif Muna
Trog
Uskayaw
Vehumet
Wu Jian
The Shining One
Beogh

Shops:
D:4 [   D:10 (

Annotations:
D:2 Natasha
D:4 Grinder
D:7 1 runed translucent door, Sobieck's ghost, novice DDBe
D:10 2 transporters


Message History

The wraith barely misses you.
You can now pass through a line of other dancers.
You hit the wraith.
The wraith is almost destroyed.
You flicker back into view.
The wraith closely misses you. The wraith hits you!
* * * LOW HITPOINT WARNING * * *
You barely miss the wraith.
The wraith is almost destroyed.
The wraith completely misses you.
You slash the wraith!
You destroy the wraith!
Your Invocations skill increases to level 6!
You completely miss the two-headed ogre.
The two-headed ogre hits you with a +0 giant club!!
* * * LOW HITPOINT WARNING * * *
The two-headed ogre hits you but does no damage.
You slash the two-headed ogre!
The two-headed ogre is moderately wounded.
The two-headed ogre hits you with a +0 giant club.
* * * LOW HITPOINT WARNING * * *
The two-headed ogre hits you but does no damage. x3
Uskayaw will force your foes to helplessly watch your dance.
Uskayaw prepares the audience for your solo!
The helpless two-headed ogre fails to defend itself.
You hit the two-headed ogre but do no damage.
The two-headed ogre is moderately wounded.
Your magical contamination has completely faded away.
The helpless two-headed ogre fails to defend itself.
You slash the two-headed ogre!
The two-headed ogre is heavily wounded.
The two-headed ogre is no longer paralysed.
The two-headed ogre hits you with a +0 giant club!
* * * LOW HITPOINT WARNING * * *
The two-headed ogre completely misses you.
You hit the two-headed ogre.
The two-headed ogre is severely wounded.
The two-headed ogre hits you but does no damage.
The two-headed ogre hits you with a +0 dire flail!
You die...

###.....#######...## #..........
##........#######..####.#.......#
##.#........##........#.##....<##
...............######...#####..#
...##.#####..#..# ##....####.#
#####.### ##....# ###..##..###>#
# #...# ########>.........#.## #
#...# ####..#.########..#
#...#######.@O.##.# ##.#
#.....<.....###...# #.<
#....##########.### ##.
#####...## #.......# #.
........######.......# #.
#####......))........# #.
#...#####........# ###. #...#
##.......#########... #####
#...................


You could see a two-headed ogre.

Vanquished Creatures
  2 two-headed ogres
  3 death yaks (D:8)
  An unseen horror (D:10)
  3 trolls
  A hornet (D:10)
  Sigmund (D:5)
  A wraith (D:10)
  A water elemental (D:11)
  12 yaks
  A steam dragon (D:6)
  2 vampire mosquitoes (D:10)
  A water moccasin (D:6)
  3 orc warriors
  2 black bears
  2 centaurs
  2 ogres
  A necrophage (D:6)
  2 kobold brigands
  4 bullfrogs
  A wyvern zombie (D:6)
  A water moccasin skeleton (D:6)
  A killer bee (D:11)
  8 wights
  6 howler monkeys
  4 bullfrog zombies (D:6)
  5 centaur zombies
  A human zombie (D:6)
  4 orc priests
  A hound (D:5)
  A gnoll shaman (D:5)
  An iguana (D:6)
  4 orc wizards
  Natasha (twice) (D:2)
  A killer bee zombie (D:6)
  A hound zombie (D:5)
  2 mummies (D:6)
  Robin (D:4)
  7 adders
  3 gnolls (D:5)
  A shadow imp (D:6)
  A white imp (D:7)
  3 ufetubi
  2 worms
  4 dart slugs
  40 orcs
  8 ball pythons
  4 endoplasms
  2 giant cockroaches
  14 goblins
  2 hobgoblins
  2 jackals (D:5)
  16 kobolds
  4 quokkas
  7 bats
  6 frilled lizards
  2 rats
218 creatures vanquished.

Vanquished Creatures (others)
  A plant (D:1)
1 creature vanquished.

Grand Total: 219 creatures vanquished

Notes
Turn   | Place    | Note
-------+----------+-------------------------------------------
     0 | D:1      | Strat the Hill Orc Enchanter began the quest for the Orb.
     0 | D:1      | Reached XP level 1. HP: 14/14 MP: 3/3
   145 | D:1      | Reached skill level 1 in Fighting
   149 | D:1      | Found a faded altar of an unknown god.
   394 | D:1      | Reached XP level 2. HP: 24/24 MP: 4/4
   772 | D:1      | Learned a level 2 spell: Ensorcelled Hibernation
   796 | D:1      | Reached XP level 3. HP: 27/31 MP: 5/5
  1803 | D:2      | Noticed Natasha
  1812 | D:2      | Killed Natasha
  1941 | D:2      | Noticed Natasha
  1953 | D:2      | Killed Natasha
  1954 | D:2      | Reached XP level 4. HP: 31/41 MP: 6/6
  2273 | D:2      | Noticed Natasha
  2623 | D:3      | Reached skill level 5 in Fighting
  3055 | D:3      | Found a hide-covered altar of Uskayaw.
  3071 | D:3      | Became a worshipper of Uskayaw the Reveller
  3319 | D:4      | Noticed Robin
  3401 | D:4      | Reached XP level 5. HP: 45/48 MP: 7/7
  3403 | D:4      | Reached * piety under Uskayaw
  3652 | D:4      | Noticed a black bear
  4027 | D:4      | Noticed Grinder
  4224 | D:4      | Found a glowing golden altar of the Shining One.
  4445 | D:4      | Killed Robin
  4446 | D:4      | Reached skill level 1 in Axes
  4969 | D:4      | Paralysed by Grinder for 3 turns
  5072 | D:4      | Found Xeivvor's Armour Shop.
  5175 | D:4      | Paralysed by Grinder for 4 turns
  5186 | D:4      | Paralysed by Grinder for 4 turns
  5191 | D:4      | Paralysed by Grinder for 2 turns
  5473 | D:5      | Entered Level 5 of the Dungeon
  5473 | D:5      | Noticed Sigmund
  5478 | D:5      | Reached ** piety under Uskayaw
  5482 | D:5      | Reached *** piety under Uskayaw
  5483 | D:5      | Killed Sigmund
  5484 | D:5      | Reached skill level 5 in Axes
  5484 | D:5      | Reached XP level 6. HP: 37/56 MP: 8/8
  5949 | D:5      | Reached skill level 6 in Axes
  5959 | D:5      | Found a hazy altar of Hepliaklqana.
  5961 | D:5      | Found a radiant altar of Vehumet.
  5962 | D:5      | Found a bloodstained altar of Trog.
  5963 | D:5      | Found a burning altar of Makhleb.
  5986 | D:5      | Reached XP level 7. HP: 31/61 MP: 9/9
  6154 | D:5      | Reached skill level 7 in Axes
  6202 | D:5      | HP: 2/61 [kobold brigand (2)]
  6225 | D:5      | Reached skill level 1 in Armour
  6685 | D:5      | Found a sparkling altar of Nemelex Xobeh.
  6913 | D:5      | Found a blossoming altar of Fedhas.
  7364 | D:6      | Reached skill level 8 in Axes
  7383 | D:6      | Reached XP level 8. HP: 69/69 MP: 10/10
  7443 | D:6      | Found a staircase to the Ecumenical Temple.
  7553 | D:6      | Found an iron altar of Okawaru.
  7573 | D:6      | Reached skill level 9 in Axes
  7725 | D:6      | Reached skill level 5 in Armour
  7842 | D:6      | Reached skill level 10 in Axes
  7923 | D:6      | Reached skill level 1 in Invocations
  7981 | D:6      | Found an ancient bone altar of Kikubaaqudgha.
  8164 | D:6      | Reached XP level 9. HP: 45/77 MP: 11/11
  8519 | D:7      | Identified the +10 long sword "Jeikiot" {speed, rCorr}
  8936 | D:7      | Found a runed translucent door.
  8939 | D:7      | Noticed Sobieck's ghost (novice DDBe)
  9618 | D:8      | Reached skill level 11 in Axes
  9854 | D:8      | Found a sacrificial altar of Ru.
  9872 | D:8      | Noticed a death yak
  9896 | D:8      | Killed a death yak
  9897 | D:8      | Reached skill level 5 in Invocations
 10197 | D:8      | Found a staircase to the Lair.
 10198 | D:8      | Noticed a death yak
 10240 | D:8      | Killed a death yak
 10241 | D:8      | Reached skill level 12 in Axes
 10241 | D:8      | Reached XP level 10. HP: 71/91 MP: 13/13
 10378 | D:8      | Noticed a lindwurm
 10378 | D:8      | Noticed a lindwurm
 10429 | D:8      | Noticed a death yak
 10447 | D:8      | Killed a death yak
 10447 | D:8      | Reached **** piety under Uskayaw
 10467 | D:8      | Reached ***** piety under Uskayaw
 10637 | D:8      | Reached skill level 10 in Fighting
 10638 | D:8      | Noticed a two-headed ogre
 10645 | D:8      | Killed a two-headed ogre
 10646 | D:8      | Reached skill level 13 in Axes
 11053 | D:8      | Noticed a lindwurm
 11120 | D:9      | Found a shimmering blue altar of Sif Muna.
 11375 | D:9      | Found an ornate altar of the Wu Jian Council.
 11584 | D:9      | Reached XP level 11. HP: 72/99 MP: 14/14
 11741 | D:9      | Noticed a two-headed ogre
 11751 | D:9      | Killed a two-headed ogre
 11752 | D:9      | Reached skill level 14 in Axes
 12023 | D:9      | Found a roughly hewn altar of Beogh.
 12382 | D:10     | Entered Level 10 of the Dungeon
 12541 | D:10     | Found a transporter.
 12542 | D:10     | Found a transporter.
 12542 | D:10     | Noticed a boulder beetle
 12574 | D:10     | Found Ofewneqa's Weapon Boutique.
 12877 | D:10     | Reached skill level 10 in Armour
 13890 | D:11     | Noticed a two-headed ogre
 14354 | D:10     | HP: 2/99 [two-headed ogre (11)]
 14355 | D:10     | Mangled by a two-headed ogre

Illustrated notes

Levels and vault maps discovered:
D:1:      minmay_arrival_plants_in_alcoves, layout_basic,
          shapermc_ecumenical_altar_flowoftime
D:2:      layout_basic, kennysheep_nondescript, grunt_ministairs_15,
          uniq_natasha
D:3:      layout_loops_ring, mainiacjoe_overflow_24_doors
D:4:      layout_cave_pools, tso_metal_star, serial_shops,
          nicolae_lakefront_shop, serial_park_tiny_1, uniq_grinder, uniq_robin
D:5:      layout_rooms, chequers_temple_overflow_statue_of_worship,
          mainiacjoe_overflow_big_doors, minivault_14, columned_hall_lemuel,
          interstate_on_off, uniq_sigmund
D:6:      layout_loops_cross, lemuel_mausoleum_altar_kikubaaqudgha,
          lemuel_round_altar, minmay_temple_entry_hall, portal_sewer_entry_b
D:7:      layout_basic, ebering_ghost_reflecting_pool
D:8:      layout_gridville, mainiacjoe_overflow_catwalk, dpeg_lair_monsters,
          chequers_arboretum, minmay_lindwurm_lava
D:9:      layout_gridville, nicolae_sif_muna_little_library,
          kennysheep_little_box, special_room [special_room_orc]
D:10:     gammafunk_boulding_lane, layout_rooms, serial_shops, kennysheep_mini
D:11:     layout_cave_pools, erik_orc_2

Skill      XL: |  1  2  3  4  5  6  7  8  9 10 11 |
---------------+----------------------------------+-----
Fighting       | 1 3 4 5 6 9 10 | 10.0
Axes           | 5 6 8 10 12 13 14 | 14.2
Armour         | 3 5 6 8 10 | 10.0
Invocations    | 2 5 6 |  6.0
Dodging        | 2 |  2.5
Short Blades   | |  1.0
Stealth        | |  2.4
Spellcasting   | |  1.5
Hexes          | |  3.0

Action                   |  1- 3 |  4- 6 |  7- 9 | 10-12 || total
-------------------------+-------+-------+-------+-------++-------
Melee: Dagger            |    73 |   107 |       |       ||   180
       Broad axe         |       |    99 |   342 |       ||   441
       Battleaxe         |       |       |    22 |   219 ||   241
 Fire: Hunting sling     |       |       |     9 |       ||     9
Evoke: Wand              |       |       |     8 |    14 ||    22
  Use: Scroll            |       |     4 |     4 |     4 ||    12
       Potion            |       |     1 |     3 |     2 ||     6
 Stab: Sleeping          |     3 |     2 |       |       ||     5
       Paralysed         |       |     1 |     9 |    18 ||    28
       Distracted        |       |       |     1 |       ||     1
Armor: Robe              |    22 |    22 |       |       ||    44
       Scale mail        |       |   112 |   250 |    51 ||   413
       Chain mail        |       |       |       |   164 ||   164
Dodge: Dodged            |    39 |   138 |   167 |   116 ||   460
